 Dungeon Crawl Stone Soup version 0.28.0-47-ge53b351184 (webtiles) character file.

Game seed: 399265029026636231

87 101zpm the Firebug (level 4, -4/32 HPs)
             Began as a Gnoll Fire Elementalist on Apr 29, 2022.
             Slain by a wyvern zombie (11 damage)
             ... on level 3 of the Dungeon.
             The game lasted 00:03:06 (3062 turns).

101zpm the Firebug (Gnoll Fire Elementalist)        Turns: 3062, Time: 00:03:06

Health: -4/32      AC:  2    Str:  8    XL:     4   Next: 51%
Magic:  8/11       EV: 13    Int: 16    God:
Gold:   93         SH:  0    Dex: 12    Spells: 12/13 levels left

rFire   . . .      SeeInvis .     - Unarmed
rCold   . . .      Faith    .   (no shield)
rNeg    . . .      Spirit   .   a - +0 robe
rPois   .          Reflect  .   (no helmet)
rElec   .          Harm     .   (no cloak)
rCorr   .          Rampage  .   (no gloves)
Will    .....                   (no boots)
Stlth   ++........              (no amulet)
HPRegen 0.10/turn               (no ring)
MPRegen 0.12/turn               (no ring)

@: no status effects
A: fangs 1, strong nose, distributed training
a: no special abilities


You were on level 3 of the Dungeon.
You visited 1 branch of the dungeon, and saw 3 of its levels.

You collected 93 gold pieces.

Inventory:

Armour
 a - a +0 robe (worn)
Scrolls
 b - a scroll of immolation {unknown}
 c - 4 scrolls of identify {unknown}
Potions
 d - a potion of mutation {unknown}


   Skills:
 + Level 1.1 Fighting
 + Level 1.1 Short Blades
 + Level 1.1 Long Blades
 + Level 1.1 Axes
 + Level 1.1 Maces & Flails
 + Level 1.1 Polearms
 + Level 1.1 Staves
 + Level 1.1 Slings
 + Level 1.1 Bows
 + Level 1.1 Crossbows
 + Level 1.1 Throwing
 + Level 1.1 Armour
 + Level 4.6 Dodging
 + Level 4.2 Stealth
 + Level 1.1 Shields
 + Level 1.1 Unarmed Combat
 + Level 5.1 Spellcasting
 + Level 2.2 Conjurations
 + Level 0.9 Hexes
 + Level 0.9 Summonings
 + Level 0.9 Necromancy
 + Level 0.9 Translocations
 + Level 0.9 Transmutations
 + Level 5.4 Fire Magic
 + Level 0.9 Ice Magic
 + Level 0.9 Air Magic
 + Level 0.9 Earth Magic
 + Level 0.9 Poison Magic
 + Level 1.2 Invocations
 + Level 1.1 Evocations


You had 12 spell levels left.
You knew the following spells:

 Your Spells              Type           Power      Damage    Failure   Level
a - Foxfire               Conj/Fire      64%        2x1d7     3%          1

Your spell library contained the following spells:

 Spells                   Type           Power      Damage    Failure   Level
 Scorch                   Fire           42%        2d7       2%          2
 Conjure Flame            Conj/Fire      16%        6-21      10%         3
 Inner Flame              Hex/Fire       14%        N/A       12%         3
 Flame Wave               Conj/Fire      16%        2d6       30%         4


Dungeon Overview and Level Annotations

Branches:
Dungeon (3/15)

Altars:

Shops:
D:2 =   D:3 *


Innate Abilities, Weirdness & Mutations

You have very sharp teeth.
Your uncanny sense of smell can sniff out nearby items.
Your experience applies equally to all skills.


Message History

The puff of flame hits you.
* * * LOW HITPOINT WARNING * * *
The foxfire hits the orc wizard but does no damage.
The orc wizard is almost dead.
The foxfire hits the orc wizard.
You kill the orc wizard!
A wyvern zombie comes into view.
A wyvern zombie is nearby!
A wyvern zombie is nearby!
A wyvern zombie is nearby!
Casting: Foxfire (safe; 3% risk of failure)
Press: ? - help, Q - select action Dir - look around, f - activate You conjure some foxfire!
Your foxfire dissipates!
The foxfire hits the wyvern zombie.
The wyvern zombie is lightly damaged.
You are too injured to fight recklessly!
The wyvern zombie completely misses you.
Casting: Foxfire (safe; 3% risk of failure)
Press: ? - help, Q - select action Dir - look around, f - activate You conjure some foxfire!
The wyvern zombie barely misses you. x2
Casting: Foxfire (safe; 3% risk of failure)
Press: ? - help, Q - select action Dir - look around, f - activate You conjure some foxfire!
The foxfire hits the wyvern zombie.
The wyvern zombie is lightly damaged.
The foxfire hits the wyvern zombie but does no damage.
The wyvern zombie is lightly damaged.
The wyvern zombie bites you.
* * * LOW HITPOINT WARNING * * *
Casting: Foxfire (safe; 3% risk of failure)
Press: ? - help, Q - select action Dir - look around, f - activate You conjure some foxfire!
The foxfire hits the wyvern zombie.
The wyvern zombie is moderately damaged.
The foxfire hits the wyvern zombie.
The wyvern zombie is moderately damaged.
The wyvern zombie bites you!
You die...

#.. #.# #.# ######## #.#
#......#
#.#######.####.#
#.........# ##.##
#.###########...## #.#
#.......Zv.## #.#
#.###...@...# ###Z# #.#
#...v.......
....#####.###.<.....####
###......)....)....##
#######.###)....## #.#
#......# #.# #$......
#.# #......# #.. .....##


You could see a wyvern zombie (ally target).

Vanquished Creatures
  An orc wizard (D:3)
  An adder (D:3)
  A worm (D:2)
  2 dart slugs
  2 orcs (D:3)
  5 bats
  4 endoplasms
  A giant cockroach (D:1)
  2 goblins
  2 hobgoblins (D:2)
  5 kobolds
  2 quokkas
  7 ball pythons
  5 frilled lizards
  7 rats
47 creatures vanquished.

Vanquished Creatures (others)
  276 foxfires
276 creatures vanquished.

Grand Total: 323 creatures vanquished

Notes
Turn   | Place    | Note
-------+----------+-------------------------------------------
     0 | D:1      | 101zpm the Gnoll Fire Elementalist began the quest for the
                  | Orb.
     0 | D:1      | Reached XP level 1. HP: 13/13 MP: 6/6
   289 | D:1      | Reached XP level 2. HP: 19/19 MP: 2/7
  1390 | D:2      | Found Cinos's Jewellery Emporium.
  1395 | D:2      | Reached XP level 3. HP: 25/25 MP: 3/9
  1396 | D:2      | Reached skill level 5 in Spellcasting
  1803 | D:2      | Reached skill level 1 in Invocations
  2164 | D:3      | Found Odot's Assorted Antiques.
  2762 | D:3      | Reached skill level 1 in Fighting
  2762 | D:3      | Reached skill level 1 in Short Blades
  2762 | D:3      | Reached skill level 1 in Long Blades
  2762 | D:3      | Reached skill level 1 in Axes
  2762 | D:3      | Reached skill level 1 in Maces & Flails
  2762 | D:3      | Reached skill level 1 in Polearms
  2762 | D:3      | Reached skill level 1 in Staves
  2762 | D:3      | Reached skill level 1 in Slings
  2762 | D:3      | Reached skill level 1 in Bows
  2762 | D:3      | Reached skill level 1 in Crossbows
  2762 | D:3      | Reached skill level 1 in Throwing
  2762 | D:3      | Reached skill level 1 in Armour
  2762 | D:3      | Reached skill level 1 in Shields
  2762 | D:3      | Reached skill level 1 in Unarmed Combat
  2762 | D:3      | Reached skill level 1 in Evocations
  2762 | D:3      | Reached XP level 4. HP: 32/32 MP: 6/11
  3062 | D:3      | Slain by a wyvern zombie

Illustrated notes

Levels and vault maps discovered:
D:1:      tarquinn_simple_flora_water_c, layout_rooms
D:2:      layout_basic, serial_shops, shop, minmay_cupped, uniq_natasha
D:3:      layout_loops_ring, nicolae_overflow_ecumenical_swirl, serial_shops,
          nicolae_shop_waterfront

Skill      XL: |  1  2  3 |
---------------+----------+-----
Conjurations   | 2 |  2.2
Spellcasting   | 5 |  5.1
Invocations    | 1 |  1.2
Fighting       | 1 |  1.1
Short Blades   | 1 |  1.1
Long Blades    | 1 |  1.1
Axes           | 1 |  1.1
Maces & Flails | 1 |  1.1
Polearms       | 1 |  1.1
Staves         | 1 |  1.1
Slings         | 1 |  1.1
Bows           | 1 |  1.1
Crossbows      | 1 |  1.1
Throwing       | 1 |  1.1
Armour         | 1 |  1.1
Shields        | 1 |  1.1
Unarmed Combat | 1 |  1.1
Evocations     | 1 |  1.1
Dodging        | |  4.6
Stealth        | |  4.2
Hexes          | |  0.9
Summonings     | |  0.9
Necromancy     | |  0.9
Translocations | |  0.9
Transmutations | |  0.9
Fire Magic     | |  5.4
Ice Magic      | |  0.9
Air Magic      | |  0.9
Earth Magic    | |  0.9
Poison Magic   | |  0.9

Action                   |  1- 3 |  4- 6 || total
-------------------------+-------+-------++-------
Melee: Unarmed           |    75 |    19 ||    94
       Bite              |     5 |     2 ||     7
       Punch             |     2 |       ||     2
 Cast: Foxfire           |   156 |    24 ||   180
 Stab: Sleeping          |     1 |       ||     1
Armor: Robe              |    21 |     3 ||    24
Dodge: Dodged            |    61 |    13 ||    74
